Cogmind - Beta 13 @@@ ROGUE MODE // 2024.05.12 @ 22:09:06 Player: Olafz Result: Destroyed by S-27 Virus with Autogun Performance ------------- Evolutions (5) 2500 Regions Visited (9) 1800 Robots Destroyed (1) 5 Value Destroyed (27) 27 Prototype IDs (7) 140 Alien Tech Used (0) 0 Bonus (1987) 1987 TOTAL SCORE: 6459 Bonus ------- Pacifist 1987 Cogmind --------- Core Integrity 0/1000 Matter 90/300 Energy 99/100 System Corruption 0% Temperature Cool (0) Movement Core (50) Location -5/Factory Parts ------- > --- POWER (1) -------- (None) > --- PROPULSION (5) --- (None) > --- UTILITY (9) ------ Machine Analyzer > --- WEAPON (2) ------- Heavy Hammer > --- INVENTORY (5) ---- Experimental Heat Sink Advanced Signal Interpreter Advanced Melee Analysis Suite Peak State ------------ > --- POWER ------------ Light Deuterium Engine > --- PROPULSION ------- Cooled Aerolev Unit Cooled Aerolev Unit Improved Cesium-ion Thruster Experimental Cesium-ion Thruster > --- UTILITY ---------- Machine Analyzer Triangulator Melee Analysis Suite ECM Suite Cloaking Device System Shield Improved System Shield > --- WEAPON ----------- (None) > --- INVENTORY -------- Combat Antigrav System Small Storage Unit Energy Well Heavy Hammer [Rating: 53] Favorites ----------- Power Light Ion Engine Engine Light Ion Engine Propulsion Wheel Leg Aluminum Leg Wheel Wheel Hover Unit Cooled Aerolev Unit Flight Unit Improved Cesium-ion Thruster Utility System Shield Device Structural Scanner Storage High-capacity Storage Unit Processor Melee Analysis Suite Hackware System Shield Weapon Mini Grenade Launcher Energy Gun EM Pulse Gun Ballistic Gun Light Assault Rifle Launcher Mini Grenade Launcher Impact Weapon Thunder Hammer Build | -11 -10 -9 -9 -8 -7 -6 -6 -6 -5 ------- Run | Yrd Mat Mat Min Mat Fac Fac Was Fac Fac Slots Evolved 10 | . . 2 . 2 2 2 . . 2 Power . | . . . . . . . . . . Propulsion 3 | . . . . . 2 . . . 1 Utility 7 | . . 2 . 2 . 2 . . 1 Weapon . | . . . . . . . . . . Parts Attached 43 | . 4 1 3 4 4 12 4 4 7 Power 4 | . . 1 . . . 2 . . 1 Engine 4 | . . 1 . . . 2 . . 1 Core . | . . . . . . . . . . Reactor . | . . . . . . . . . . Propulsion 15 | . 2 . 1 2 1 4 1 1 3 Treads . | . . . . . . . . . . Leg . | . . . . . . . . . . Wheel 5 | . 2 . 1 2 . . . . . Hover 3 | . . . . . . 3 . . . Flight 7 | . . . . . 1 1 1 1 3 Utility 21 | . 2 . 1 2 3 6 3 3 1 Device 11 | . . . 1 . 2 4 1 3 . Storage 3 | . 2 . . . . 1 . . . Processor 4 | . . . . 2 . 1 . . 1 Hackware 3 | . . . . . 1 . 2 . . Protection . | . . . . . . . . . . Artifact . | . . . . . . . . . . Weapon 3 | . . . 1 . . . . . 2 Energy Gun . | . . . . . . . . . . Energy Cannon . | . . . . . . . . . . Ballistic Gun . | . . . . . . . . . . Ballistic Cannon . | . . . . . . . . . . Launcher 1 | . . . 1 . . . . . . Special Weapon . | . . . . . . . . . . Impact Weapon 2 | . . . . . . . . . 2 Slashing Weapon . | . . . . . . . . . . Piercing Weapon . | . . . . . . . . . . Special Melee Weapon . | . . . . . . . . . . Unidentified Prototypes 5 | . . . . . 1 2 1 . 1 Parts Lost 24 | . . . . 6 . 2 2 . 14 Power 3 | . . . . 1 . 1 . . 1 Propulsion 9 | . . . . 2 . 1 . . 6 Utility 10 | . . . . 2 . . 2 . 6 Weapon 2 | . . . . 1 . . . . 1 Highest Loss Streak 14 | . . . . 6 . 2 2 . 14 To Critical Strikes . | . . . . . . . . . . Average Slot Usage (%) 53 | . 85 49 64 52 22 51 61 64 46 Engine 4 | . 14 11 11 7 . . 3 . . Leg 1 | . 12 . . . . . . . . Wheel 7 | . 15 22 22 13 . . . . . Hover 2 | . . . . . . 2 10 6 3 Flight 5 | . . . . . 2 10 7 13 9 Device 11 | . . . 10 7 10 22 15 18 9 Storage 4 | . 14 11 11 7 . . . . . Processor 5 | . . . . 9 7 7 10 6 6 Hackware 5 | . . . . . 1 6 13 20 12 Energy Gun 1 | . 14 2 . . . . . . . Ballistic Gun 1 | . 14 2 . . . . . . . Launcher 2 | . . . 10 7 . . . . . Naked Turns . | . . . . . . . . . . Heaviest Build 46 | 11 46 46 45 45 3 11 11 3 10 Greatest Support 20 | 20 20 20 20 20 6 18 18 11 16 Greatest Overweight (x) 14 | . 2 2 4 14 . 1 . . 1 Average Overweight (x) . | . 1 2 2 2 . . . . . Largest Inventory Capacity 20 | . 20 20 20 20 5 5 5 5 5 Average Capacity 10 | . 15 20 20 17 5 5 5 5 5 Most Carried 10 | . 9 10 7 6 5 5 5 5 5 Average Carried 5 | . 6 7 6 5 5 4 4 4 4 Final Capacity 20 | 8 20 20 20 5 5 5 5 5 5 Final Carried 9 | 6 9 7 6 5 5 5 5 5 3 Class Distribution -------------------- 60% | Mutant 18% | Hacker-Sprinter 9% | Hacker-Mutant 6% | Infiltrator-Mutant 5% | Infiltrator-Scout Dominant Class ---------------- Mutant | -10/Materials Mutant | -9/Materials Mutant | -9/Mines Mutant | -8/Materials Mutant | -7/Factory Infiltrator-Mutant | -6/Factory Hacker-Mutant | -6/Waste Hacker-Sprinter | -6/Factory Hacker-Sprinter | -5/Factory Resources | -11 -10 -9 -9 -8 -7 -6 -6 -6 -5 ----------- Run | Yrd Mat Mat Min Mat Fac Fac Was Fac Fac Matter Collected 280 | 200 . . . 3 . . . . 77 Remotely . | . . . . . . . . . . Salvage Created 22 | . . . . . . . . . 22 Parts . | . . . . . . . . . . Haulers Intercepted . | . . . . . . . . . . Recyclers Shooed . | . . . . . . . . . . Parts Field Recycled . | . . . . . . . . . . Retrieved Matter . | . . . . . . . . . . Parts Self-Destructed . | . . . . . . . . . . Prevented . | . . . . . . . . . . Kills | -11 -10 -9 -9 -8 -7 -6 -6 -6 -5 ------- Run | Yrd Mat Mat Min Mat Fac Fac Was Fac Fac Combat Hostiles Destroyed 1 | . . . . . . . . . 1 Melee 1 | . . . . . . . . . 1 Classes Destroyed 1 | . . . . . . . . . 1 Swarmer 1 | . . . . . . . . . 1 Best Kill Streak 1 | . . . . . . . . . 1 Combat Bots Only 1 | . . . . . . . . . 1 Max Kills in Single Turn 1 | . . . . . . . . . 1 Gunslinging . | . . . . . . . . . . Exploded . | . . . . . . . . . . Melee 1 | . . . . . . . . . 1 Uniques/NPCs Destroyed . | . . . . . . . . . . Combat | -11 -10 -9 -9 -8 -7 -6 -6 -6 -5 -------- Run | Yrd Mat Mat Min Mat Fac Fac Was Fac Fac Hostile Shots Fired 289 | . 6 . 11 54 8 42 2 9 157 Missed 90 | . 2 . 1 13 2 20 . 5 47 Damage Taken 3200 | . 51 . 167 668 108 413 69 32 1692 Core 1944 | . 30 . 51 527 105 149 69 10 1003 Absorbed by Shields . | . . . . . . . . . . Core Remaining (%) 72 | 100 88 . 87 4 85 . . 73 . Volleys Fired . | . . . . . . . . . . Largest . | . . . . . . . . . . Hottest . | . . . . . . . . . . Shots Fired . | . . . . . . . . . . Gun . | . . . . . . . . . . Cannon . | . . . . . . . . . . Launcher . | . . . . . . . . . . Special . | . . . . . . . . . . Kinetic . | . . . . . . . . . . Thermal . | . . . . . . . . . . Explosive . | . . . . . . . . . . Electromagnetic . | . . . . . . . . . . Robot Hit Streak . | . . . . . . . . . . Robot Miss Streak . | . . . . . . . . . . Penetration Max . | . . . . . . . . . . Secondary Targets . | . . . . . . . . . . Shots Hit Robots 3 | . . . . . . . . . 3 Core Hits . | . . . . . . . . . . Critical Kills . | . . . . . . . . . . Critical Parts Destroyed . | . . . . . . . . . . Critical Strikes . | . . . . . . . . . . Melee Attacks 6 | . . . . . . . . . 6 Impact 6 | . . . . . . . . . 6 Slashing . | . . . . . . . . . . Piercing . | . . . . . . . . . . Sneak Attacks . | . . . . . . . . . . Combat Hostiles . | . . . . . . . . . . Follow-up Attacks . | . . . . . . . . . . Damage Inflicted 196 | . 23 . . 8 13 . . . 152 Guns . | . . . . . . . . . . Cannons . | . . . . . . . . . . Explosions . | . . . . . . . . . . Melee 150 | . . . . . . . . . 150 Ramming 46 | . 23 . . 8 13 . . . 2 Kinetic . | . . . . . . . . . . Thermal . | . . . . . . . . . . Explosive . | . . . . . . . . . . Electromagnetic . | . . . . . . . . . . Impact 150 | . . . . . . . . . 150 Slashing . | . . . . . . . . . . Piercing . | . . . . . . . . . . Highest Corruption . | . . . . . . . . . . Average Corruption . | . . . . . . . . . . Corruption Purged . | . . . . . . . . . . Corruption Blocked . | . . . . . . . . . . Overload Shots . | . . . . . . . . . . Overflow Damage 63 | . . . . . . . . . 63 Projectiles . | . . . . . . . . . . Explosions . | . . . . . . . . . . Melee 63 | . . . . . . . . . 63 Knockbacks 1 | . . . . . . . . . 1 Impact 1 | . . . . . . . . . 1 Kinetic . | . . . . . . . . . . Secondary . | . . . . . . . . . . Self-Inflicted Damage 21 | . 11 . . 4 5 . . . 1 Shots . | . . . . . . . . . . Rammed 8 | . 1 . . 1 4 . . . 2 Targets Rammed 8 | . 1 . . 1 4 . . . 2 Kicked . | . . . . . . . . . . Crushed . | . . . . . . . . . . Highest Temperature 1 | . . . . 1 . . . . . Average Temperature 1 | . . . . 1 . . . . . Received Heat Transfer 546 | . 24 . 42 252 . 189 . 12 27 Siege Activations . | . . . . . . . . . . Robots Corrupted . | . . . . . . . . . . Combat Hostiles . | . . . . . . . . . . Parts Fried . | . . . . . . . . . . Impact Corruptions 1 | . . . . . . . . . 1 Robots Melted . | . . . . . . . . . . Combat Hostiles . | . . . . . . . . . . Parts Melted . | . . . . . . . . . . Heat Transferred . | . . . . . . . . . . Parts Sabotaged . | . . . . . . . . . . Parts Stolen . | . . . . . . . . . . Parts Stripped . | . . . . . . . . . . Power Chain Reactions . | . . . . . . . . . . Alert | -11 -10 -9 -9 -8 -7 -6 -6 -6 -5 ------- Run | Yrd Mat Mat Min Mat Fac Fac Was Fac Fac Peak Influence 204 | . 30 31 27 25 17 204 97 98 127 Initial 67 | . . 12 12 10 2 7 67 53 47 Average 40 | . 5 19 13 15 10 73 78 69 65 Maximum Alert Level 1 | . . . . . . 1 . . . Low Security (%) 99 | . 100 100 100 100 100 96 100 100 100 Level 1 . | . . . . . . 3 . . . Level 2 . | . . . . . . . . . . Level 3 . | . . . . . . . . . . Level 4 . | . . . . . . . . . . Level 5 . | . . . . . . . . . . High Security . | . . . . . . . . . . Max Security . | . . . . . . . . . . Squads Dispatched 5 | . 1 . . 2 1 1 . . . Investigation 2 | . 1 . . . . 1 . . . Extermination . | . . . . . . . . . . Reinforcement 3 | . . . . 2 1 . . . . Assault . | . . . . . . . . . . Garrison . | . . . . . . . . . . Intercept . | . . . . . . . . . . Searches Triggered . | . . . . . . . . . . Construction Impeded . | . . . . . . . . . . Haulers Reinforced . | . . . . . . . . . . Active Scanning Responses . | . . . . . . . . . . Cargo Convoy Interrupts . | . . . . . . . . . . Stealth | -11 -10 -9 -9 -8 -7 -6 -6 -6 -5 --------- Run | Yrd Mat Mat Min Mat Fac Fac Was Fac Fac Distress Signals 3 | . 1 . . . . 1 . . 1 Communications Jammed . | . . . . . . . . . . Distress Signals . | . . . . . . . . . . Times Spotted 76 | . 2 1 2 16 2 26 6 3 18 Peak Tracking Total 14 | . 3 1 2 14 1 14 6 3 10 Tactical Retreats 7 | . 1 . . . . 4 . . 2 Traps | -11 -10 -9 -9 -8 -7 -6 -6 -6 -5 ------- Run | Yrd Mat Mat Min Mat Fac Fac Was Fac Fac Traps Triggered 5 | . 1 . . 2 . 1 . 1 . Indirectly . | . . . . . . . . . . Trap Hack Attempts . | . . . . . . . . . . Triggered . | . . . . . . . . . . Disarmed . | . . . . . . . . . . Reprogrammed . | . . . . . . . . . . Reused . | . . . . . . . . . . Traps Extracted . | . . . . . . . . . . Installed . | . . . . . . . . . . Triggered . | . . . . . . . . . . Machines | -11 -10 -9 -9 -8 -7 -6 -6 -6 -5 ---------- Run | Yrd Mat Mat Min Mat Fac Fac Was Fac Fac Machines Disabled . | . . . . . . . . . . Max in Single Turn . | . . . . . . . . . . Machines Repaired . | . . . . . . . . . . Machines Dismantled . | . . . . . . . . . . Machines Sabotaged . | . . . . . . . . . . Overloaded Fab Kills . | . . . . . . . . . . Hacking | -11 -10 -9 -9 -8 -7 -6 -6 -6 -5 --------- Run | Yrd Mat Mat Min Mat Fac Fac Was Fac Fac Machines Accessed 3 | . . 1 . . 1 1 . . . Terminals 1 | . . 1 . . . . . . . Fabricators 1 | . . . . . 1 . . . . Repair Stations 1 | . . . . . . 1 . . . Recycling Units . | . . . . . . . . . . Scanalyzers . | . . . . . . . . . . Garrison Access . | . . . . . . . . . . Total Hacks 11 | . . 5 . . 2 4 . . . Successful 5 | . . 2 . . 1 2 . . . Failed 6 | . . 3 . . 1 2 . . . Catastrophic 1 | . . . . . . 1 . . . Database Lockouts . | . . . . . . . . . . Manual . | . . . . . . . . . . Terminals 5 | . . 5 . . . . . . . Fabricators 2 | . . . . . 2 . . . . Repair Stations 4 | . . . . . . 4 . . . Recycling Units . | . . . . . . . . . . Scanalyzers . | . . . . . . . . . . Garrison Access . | . . . . . . . . . . Terminal Hacks 2 | . . 2 . . . . . . . Prototype ID Bank 1 | . . 1 . . . . . . . Emergency Access Points 1 | . . 1 . . . . . . . Fabricator Hacks 1 | . . . . . 1 . . . . Network Status 1 | . . . . . 1 . . . . Repair Station Hacks 2 | . . . . . . 2 . . . Scan Component 2 | . . . . . . 2 . . . Recycling Unit Hacks . | . . . . . . . . . . Scanalyzer . | . . . . . . . . . . Garrison Access Hacks . | . . . . . . . . . . Unauthorized Hacks . | . . . . . . . . . . Terminals . | . . . . . . . . . . Fabricators . | . . . . . . . . . . Repair Stations . | . . . . . . . . . . Recycling Units . | . . . . . . . . . . Scanalyzers . | . . . . . . . . . . Garrison Access . | . . . . . . . . . . Data Cores Recovered . | . . . . . . . . . . Used . | . . . . . . . . . . Hacking Detections 2 | . . 1 . . . 1 . . . Full Trace Events 1 | . . . . . . 1 . . . Feedback Events . | . . . . . . . . . . Feedback Blocked . | . . . . . . . . . . Robot Schematics Acquired . | . . . . . . . . . . Robots Built . | . . . . . . . . . . Authchips . | . . . . . . . . . . Time . | . . . . . . . . . . Total Robot Build Rating . | . . . . . . . . . . Part Schematics Acquired . | . . . . . . . . . . Parts Built . | . . . . . . . . . . Authchips . | . . . . . . . . . . Time . | . . . . . . . . . . Total Part Build Rating . | . . . . . . . . . . Parts Repaired . | . . . . . . . . . . Time . | . . . . . . . . . . Parts Recycled . | . . . . . . . . . . Recycled Matter . | . . . . . . . . . . Retrieved Matter . | . . . . . . . . . . Retrieved Components . | . . . . . . . . . . Parts Scanalyzed . | . . . . . . . . . . Part Schematics Acquired . | . . . . . . . . . . Parts Damaged . | . . . . . . . . . . Bothacking | -11 -10 -9 -9 -8 -7 -6 -6 -6 -5 ------------ Run | Yrd Mat Mat Min Mat Fac Fac Was Fac Fac Used RIF Installer . | . . . . . . . . . . Robots Hacked . | . . . . . . . . . . Non-combat . | . . . . . . . . . . Combat . | . . . . . . . . . . Robot Hacks Applied . | . . . . . . . . . . Relay Couplers Released . | . . . . . . . . . . Fabnet Peak Effective % . | . . . . . . . . . . Robots Rewired . | . . . . . . . . . . Allies Hacked . | . . . . . . . . . . Hacks Repelled . | . . . . . . . . . . Allies | -11 -10 -9 -9 -8 -7 -6 -6 -6 -5 -------- Run | Yrd Mat Mat Min Mat Fac Fac Was Fac Fac Total Allies . | . . . . . . . . . . Largest Group . | . . . . . . . . . . Highest-Rated Group . | . . . . . . . . . . Highest-Rated Ally . | . . . . . . . . . . Total Orders . | . . . . . . . . . . Ally Attacks . | . . . . . . . . . . Total Damage . | . . . . . . . . . . Kills . | . . . . . . . . . . Allies Corrupted . | . . . . . . . . . . Allies Melted . | . . . . . . . . . . Intel | -11 -10 -9 -9 -8 -7 -6 -6 -6 -5 ------- Run | Yrd Mat Mat Min Mat Fac Fac Was Fac Fac Robot Analysis Total . | . . . . . . . . . . Derelict Logs Recovered 1 | . . . 1 . . . . . . Drone Launches . | . . . . . . . . . . Drone Recoveries . | . . . . . . . . . . Exploration | -11 -10 -9 -9 -8 -7 -6 -6 -6 -5 ------------- Run | Yrd Mat Mat Min Mat Fac Fac Was Fac Fac Turns Passed 1088 | . 90 85 134 142 117 194 67 74 185 Spaces Moved 1680 | 1 71 74 115 118 245 422 121 183 330 Core 200 | . . . . 39 135 . . . 26 Treads . | . . . . . . . . . . Legs 31 | 1 30 . . . . . . . . Wheels 309 | . 41 74 115 79 . . . . . Hover 156 | . . . . . . 35 121 . . Flight 984 | . . . . . 110 387 . 183 304 Fastest Speed 27 | 120 110 110 110 50 35 35 46 27 27 Average Speed 53 | 120 114 110 110 113 43 36 47 27 30 Slowest Speed 750 | 120 120 110 140 750 50 100 50 27 100 Overloaded Moves . | . . . . . . . . . . Propulsion Burnouts . | . . . . . . . . . . Robots Hopped 15 | . . . . . . 7 . 4 4 Cave-ins Triggered . | . . . . . . . . . . Exploration Rate (%) 18 | 2 21 11 29 17 6 14 70 6 10 Regions Visited 9 Branch Regions 1 Pre-discovered Areas . | . . . . . . . . . . Known Exits Taken 1 | . . . . 1 . . . . . Unknown Exits Taken 6 | 1 1 1 1 . 1 . . 1 . Scrap Searched . | . . . . . . . . . . Spaces Dug 1 | . . . . . . . . . 1 Terrain Destroyed 1 | . . . . . . . . . 1 Melee 1 | . . . . . . . . . 1 Projectile . | . . . . . . . . . . AOE . | . . . . . . . . . . Terrain Rammed . | . . . . . . . . . . Walls Destroyed . | . . . . . . . . . . Machines Disabled . | . . . . . . . . . . Actions | -11 -10 -9 -9 -8 -7 -6 -6 -6 -5 --------- Run | Yrd Mat Mat Min Mat Fac Fac Was Fac Fac Total 1844 | . 81 81 121 123 253 452 131 204 398 Wait 74 | . . . 4 . 1 17 1 1 50 Move 1644 | . 71 73 114 117 244 409 120 174 322 Hop 14 | . . . . . . 6 . 4 4 Pick Up 16 | . 2 . . . . 3 2 5 4 Fast Attach 29 | . 1 . 2 4 4 11 2 2 3 Attach 14 | . 3 1 1 . . 1 2 2 4 Detach 9 | . 4 3 . . . 1 . 1 . Swap . | . . . . . . . . . . Drop 20 | . . 4 . 1 . 4 4 4 3 Fire . | . . . . . . . . . . Melee 6 | . . . . . . . . . 6 Ram 7 | . . . . 1 4 . . . 2 Kick . | . . . . . . . . . . Crush . | . . . . . . . . . . Escape Stasis 11 | . . . . . . . . 11 . Rewire . | . . . . . . . . . . Trap . | . . . . . . . . . . Miscellaneous . | . . . . . . . . . . Route ------- -11/Scrapyard -10/Materials -9/Materials -9/Mines -8/Materials -7/Factory -6/Factory -6/Waste -6/Factory -5/Factory History --------- Turn | Location | Event 1 | -11/Scrapyard | Discovered new exit (range 0) 1 | -11/Scrapyard | Entered Materials 73 | -10/Materials | Discovered new exit (range 14) 91 | -10/Materials | Entered another Materials area 91 | -9/Materials | Evolved 2 slots: Utility x2 120 | -9/Materials | Discovered new exit (range 15) 176 | -9/Materials | Entered Mines 254 | -9/Mines | Assembled infested the area 293 | -9/Mines | Discovered new exit (range 11) 305 | -9/Mines | Build established: Mutant 310 | -9/Mines | Entered Materials 310 | -8/Materials | Evolved 2 slots: Utility x2 311 | -8/Materials | Identified exit to Factory 445 | -8/Materials | Core integrity fell below 50% 451 | -8/Materials | Core integrity fell below 20% 452 | -8/Materials | Entered Factory 452 | -7/Factory | Evolved 2 slots: Propulsion x2 478 | -7/Factory | Lost 6 parts (1p2n2u1w) 565 | -7/Factory | Discovered new exit (range 11) 569 | -7/Factory | Entered another Factory area 569 | -6/Factory | Evolved 2 slots: Utility x2 763 | -6/Factory | Sucked down chute 763 | -6/Factory | Entered Waste 783 | -6/Waste | Spotted C-40 Crusher 783 | -6/Waste | Spotted C-40 Crusher 787 | -6/Waste | Spotted C-40 Crusher 793 | -6/Waste | Spotted C-40 Crusher 796 | -6/Waste | Spotted C-40 Crusher 806 | -6/Waste | Crushed by Compactor (1 part destroyed, 2 dropped) 808 | -6/Waste | Crushed by Compactor (1 part destroyed, 2 dropped) 818 | -6/Waste | Spotted C-40 Crusher 822 | -6/Waste | Discovered new exit (range 16) 830 | -6/Waste | Entered Factory 901 | -6/Factory | Discovered new exit (range 11) 904 | -6/Factory | Entered another Factory area 904 | -5/Factory | Evolved 2 slots: Propulsion x1, Utility x1 1065 | -5/Factory | Core integrity fell below 50% 1077 | -5/Factory | Core integrity fell below 20% 1089 | -5/Factory | Destroyed by S-27 Virus with Autogun Last Messages --------------- Slammed into S-27 Virus. S-27 Virus destroyed. Nuclear Pulse Thruster destroyed. Identified Thunder Hammer. Lgt. Angular Momentum Engine destroyed. VTOL Module destroyed. Imp. Cesium-ion Thruster destroyed. Imp. System Shield destroyed. Acquired 30 matter. S-27 Virus knocked back. Triangulator destroyed. Adv. Melee Analysis Suite destroyed. System Shield destroyed. Destroyed Lgt. Nuclear Core. S-27 Virus system corrupted by crushing effect. S-27 Virus destroyed. Thunder Hammer destroyed. Acquired 22 matter. >> Machine Analyzer network decryption results: Repair Station x1 Map ----- +----------------------------------------------------+ | ?????????????????????????????????????????????????? | | ?????????????????????????????????????????????????? | | ?????????????????????????????????????????????????? | | ?????????????????????????????????????????????????? | | ?????????????????????????????????????????????????? | | ?????????????????????????????????????????????????? | | ?????????????????????????????????????????????????? | | ??????????????????????????????????? ????????????? | | ??????????????????????????????????# " "?"???????? | | ??????????????????????????????????# " " "???????? | | ?????????????????????????????????## " " "???????? | | ????????????????????????????????? # " " "???????? | | ??????????????????????????????""" # " " " #?????? | | ??????????????????????????????""" # " " " #?????? | | ??????????????????????????????""" # " " " #?????? | | ???????????????????????????????? # " " " #?????? | | ?????????????????????????#! """ # " " " #?????? | | ?????????????????????????# """ # #?????? | | ?????????????????????????# """ # #?????? | | ?????????????????????????# # ####### | | ?????????????????????????# """ # ! # | | ?????????????????????????# """ # [ # | | ?????????????????????????# """ # # ! | | ?????????????????????????# " # ! | | ?????????????????###############s######+#### | | ?????????? g @ ss Y # | | ?????????? ss # ] | | ?????????? ^ + | | ??????????? # = | | ??????????? # ! * | | ????????????######+########## #########+##+# [ | | ????????????????????????????# # / | | ????????????????????????????# #! " " " " " #! | | ????????????????????????????# # " " " " " # | | ???????????????????????????? #! " " " " " ####### | | ????????????????????????????# # " " " " " #?????? | | ????????????????????????????# # " " " " " #?????? | | ????????????????????????????# # " " " " " #?????? | | ????????????????????????????? # " " " " " #?????? | | ?????? ?????????????????????? # " " " " " #?????? | | ?????? ?????????????????????? # " " " " " #?????? | | ?????# ####???????????????????# #?????? | | ?????# /???????????????????# ! ! #?????? | | ?????# #???#+??????????????############+#?????? | | ?????# #???# ?????????????????????????# #?????? | | ?????# #???# ?????????????????????????# #?????? | | ?????# #???# #####?##?????????######### #?????? | | """??# #???# ?? #?????? | | """??# #???# #??????????######### #?????? | | ?????# #???# """ #??????###########?# #?????? | +----------------------------------------------------+ Best States ------------- Heat Dissipation 40 Energy Generation 18 Energy Capacity 150 Matter Stores 300 Matter Capacity 300 Sight Range 16 Robot Scan Range 15 Terrain Scan Range 20 Terrain Scan Density 10 ECM Strength 1 Jamming Range 12 Cloak Strength 2 Evasion (%) 64 Melee Accuracy 8 Offensive Hacking 14 Defensive Hacking 22 Item Schematics ----------------- None Robot Schematics ------------------ None Fabricated ------------ Nothing Alien Tech Used ----------------- None Achievements -------------- None Challenges ------------ None Game ------ Seed PortableShadingExpander Manual? 0 Play Time 00:22:51 Cumulative 144.6 hours Start 2024.05.12 @ 21:25:04 End 2024.05.12 @ 22:09:06 Sessions 1 Manual Loads 0 Difficulty Rogue Special Mode None Game No. 238 Rogue 236 Adventurer 2 Explorer 0 Win Type - Total 4 Types 3/0/0/1/0/0/0/0/0 Lore% 62 Gallery% 65 Achievement% 51 Wizard Run 0 Options --------- Layout 0 ASCII 0 Keyboard 1 Movement Numpad Keybinds 1 Fullscreen 2 Font 18/SmallcapsGlow Map View 76x50 Zoom Use 0% Tactical HUD 1 Map Filters NONE Filters NONE Steam 1 RUN: 3068c48b-b437-4262-9383-d4b002a5db10